 Dungeon Crawl Stone Soup version 0.31-a0-1096-g246cf0196b (webtiles) character file.

Game seed: 9171212750804699457

58 night the Shield-Bearer (level 3, -1/31 HPs)
             Began as a Demigod Fighter on Nov 29, 2023.
             Slain by Grinder (7 damage)
             ... on level 3 of the Dungeon.
             The game lasted 00:02:23 (1936 turns).

night the Shield-Bearer (Demigod Fighter)           Turns: 1936, Time: 00:02:24

Health: -1/31      AC:  7    Str: 21    XL:     3   Next: 51%
Magic:  5/5        EV:  9    Int: 10    God:
Gold:   99         SH:  4    Dex: 13    Spells: 2/2 levels left

rFire   . . .        a - +0 war axe
rCold   + . .        c - +0 buckler
rNeg    . . .        b - +0 scale mail
rPois   .            (no helmet)
rElec   .            (no cloak)
rCorr   .            l - +0 pair of gloves
SInv    .            (no boots)
Will    .....        (no amulet) Stlth
                     j - ring of protection from cold
HPRegen 0.25/turn    (no ring)
MPRegen 0.09/turn

%: no passive effects
@: no status effects
A: high MP 1, forlorn, divine attributes
a: no special abilities


You were on level 3 of the Dungeon.
You visited 1 branch of the dungeon, and saw 3 of its levels.

You collected 99 gold pieces.

Inventory:

Hand Weapons
 a - a +0 war axe (weapon)
 s - a +0 mace of venom
Missiles
 f - 50 stones
 u - 3 boomerangs
Armour
 b - a +0 scale mail (worn)
 c - a +0 buckler (worn)
 l - a +0 pair of gloves (worn)
Jewellery
 h - a ring of ice
 j - a ring of protection from cold (left hand)
 n - a ring of see invisible
Scrolls
 e - a scroll of silence {unknown}
 g - 2 scrolls of fear {unknown}
 k - a scroll of vulnerability {unknown}
 m - a scroll of enchant weapon {unknown}
 p - a scroll of noise {unknown}
 t - a scroll of identify {unknown}
 v - a scroll of immolation {unknown}
 x - a scroll of revelation {unknown}
Potions
 d - a potion of might
 i - a potion of cancellation {unknown}
 o - a potion of attraction {unknown}
 q - a potion of heal wounds {unknown}
 r - a potion of curing {unknown}
 w - 2 potions of resistance {unknown}


   Skills:
 + Level 3.1 Fighting
 * Level 2.7 Axes
 + Level 3.0 Armour
 + Level 3.1 Shields


You had 2 spell levels left.
You didn't know any spells.
Your spell library was empty.

Dungeon Overview and Level Annotations

Branches:
Dungeon (3/15)

Annotations:
D:3 Grinder


Innate Abilities, Weirdness & Mutations

You have an increased reservoir of magic. (+10% MP)
You shall have no god before yourself.
Your divine heritage dramatically boosts your attributes as you level up.


Message History

A kobold is nearby!
You closely miss the kobold.
The kobold hits you with a +0 short sword.
You hit the kobold.
You kill the kobold!
No target in view!
Things that are here:
a +0 short sword; a kobold corpse Grinder comes into view.
Grinder hits you but does no damage.
You closely miss Grinder. Grinder hits you.
You writhe in agony.
You closely miss Grinder.
Grinder blinks!
You hit Grinder.
Grinder is lightly wounded.
Grinder blinks!
Grinder gestures at you. You resist with significant effort.
You completely miss Grinder.
Grinder is lightly wounded.
Grinder closely misses you.
You slash Grinder!
Grinder is heavily wounded.
Grinder barely misses you. Grinder hits you!
You closely miss Grinder.
Grinder is heavily wounded.
Grinder hits you.
* * * LOW HITPOINT WARNING * * *
You writhe in agony.
* * * LOW HITPOINT WARNING * * *
You barely miss Grinder.
Grinder is heavily wounded.
Grinder hits you but does no damage.
You closely miss Grinder.
Grinder is heavily wounded.
Grinder barely misses you. Grinder hits you but does no damage.
You slash Grinder!
Grinder is almost dead.
Grinder hits you!
You die...
Grinder says, "Hey, I wasn't done torturing you yet!"

#... ##########... #
#............ #.
#............ #.
#......<..... #
#.###############).......
#.#........................
#.....#################....
#....@.......>.<..# #....
#....5######....#.#####.##.
#.....# #..#.#.......##.
#.....######..#.##########.
#.....+...............#.÷..
#.....#....#÷.#.)####.#.###
#..........................
#######....#..#.......#.##.
##.###..##.####.#.##.


You could see Grinder.

Vanquished Creatures
  2 dart slugs
  3 orcs (D:3)
  3 ball pythons
  3 bats
  9 endoplasms
  2 giant cockroaches (D:2)
  7 goblins
  3 hobgoblins
  2 frilled lizards
  5 kobolds
  7 rats
46 creatures vanquished.

Notes
Turn   | Place    | Note
-------+----------+-------------------------------------------
     0 | D:1      | night the Demigod Fighter began the quest for the Orb.
     0 | D:1      | Reached XP level 1. HP: 18/18 MP: 3/3
    97 | D:1      | Reached skill level 2 in Axes
   259 | D:1      | Reached XP level 2. HP: 25/25 MP: 4/4
  1121 | D:2      | Reached XP level 3. HP: 31/31 MP: 5/5
  1472 | D:3      | Noticed a golden eye
  1473 | D:3      | Noticed an eye of devastation
  1473 | D:3      | Noticed a shining eye
  1473 | D:3      | Noticed a golden eye
  1920 | D:3      | Noticed Grinder
  1936 | D:3      | Slain by Grinder

Illustrated notes

Levels and vault maps discovered:
D:1:      dpeg_arrival_arbitrary_a, layout_basic, minmay_misc_feat_nine_boxes
D:2:      layout_rooms, minmay_misc_feat_doors
D:3:      layout_basic, mainiacjoe_overflow_divided_tiny,
          hellmonk_ecumenical_altar_watching_god, uniq_grinder

Skill      XL: |  1  2  3 |
---------------+----------+-----
Axes           | 2 |  2.7
Fighting       | 3 |  3.1
Shields        | 3 |  3.1
Armour         | 3 |  3.0

Action                     || total
---------------------------++-------
  Melee: War axe           ||   113
 Armour: Scale mail        ||    75
  Dodge: Dodged            ||    34
  Block: Buckler           ||    21

Table legend: (Time is in decaauts)
 A = Elapsed time spent in this place.
 B = Non-inter-level travel time spent in this place.
 C = Inter-level travel time spent in this place.
 D = Time resting spent in this place.
 E = Time spent auto-exploring this place.
 F = Levels seen in this place.
 G = Mean time per level.
                   A        B        C        D        E       F      G
               +--------+--------+--------+--------+--------+-----+--------+
         Total |   1982 |   1946 |     36 |      0 |   1582 |   3 |  660.7 |
       Dungeon |   1982 |   1946 |     36 |      0 |   1582 |   3 |  660.7 |
               +--------+--------+--------+--------+--------+-----+--------+

Top non-repeatable levels by time:
     D:1: 860 daAuts
     D:3: 630 daAuts
     D:2: 492 daAuts
